 Dungeon Crawl Stone Soup version 0.20.0-15-g7f486f2 (webtiles) character file.

424 miragecloak the Cudgeler (level 7, -6/52 HPs)
             Began as a Formicid Abyssal Knight on June 26, 2017.
             Was a Believer of Lugonu.
             Mangled by an orc
             ... wielding a +0 flail
              (10 damage)
             ... on level 4 of the Dungeon.
             The game lasted 00:07:23 (6498 turns).

miragecloak the Cudgeler (Formicid Abyssal Knight)  Turns: 6498, Time: 00:07:24

Health: -6/52      AC:  4    Str: 17    XL:     7   Next: 17%
Magic:  9/9        EV: 11    Int: 11    God:    Lugonu [**....]
Gold:   204        SH:  0    Dex: 12    Spells: 6/6 levels left

rFire    . . .     SeeInvis +   j - +0 flail
rCold    . . .     Gourm    .   (no shield)
rNeg     + . .     Faith    .   B - +1 leather armour {MR+}
rPois    .         Spirit   .   (helmet unavailable)
rElec    .         Reflect  .   (no cloak)
rCorr    .         Harm     .   (no gloves)
MR       +....                  (no boots)
Stlth    ++........             v - amulet of magic regeneration
Regen    0.2/turn               q - ring of positive energy
MPRegen  0.2/turn               x - ring of stealth

@: no status effects
A: permanent stasis, dig shafts and tunnels, four strong arms, antennae 3
a: Dig, Shaft Self, Depart the Abyss, Bend Space, Renounce Religion


You were on level 4 of the Dungeon.
You worshipped Lugonu.
Lugonu was pleased with you.
You were near starving.

You visited 1 branch of the dungeon, and saw 5 of its levels.
You visited the Abyss 1 time.

You collected 204 gold pieces.

Inventory:

Hand Weapons
 a - a +1 mace
 j - a +0 flail (weapon)
Armour
 B - a +1 leather armour of magic resistance (worn)
Jewellery
 q - a ring of positive energy (left hand)
 v - an amulet of magic regeneration (around neck)
 x - a ring of stealth (right hand)
Wands
 A - a wand of polymorph (11/24)
Scrolls
 e - 11 scrolls of identify {unknown}
 g - 2 scrolls of recharging {unknown}
 m - 2 scrolls of magic mapping {unknown}
 o - 2 scrolls of enchant armour {unknown}
 p - a scroll of teleportation {unknown}
 r - a scroll of remove curse {unknown}
 u - a scroll of immolation {unknown}
 y - a scroll of fog {unknown}
Potions
 d - a potion of mutation {unknown}
 h - a potion of heal wounds {unknown}
 i - 2 potions of might
 k - a potion of flight {unknown}
 l - 2 potions of magic {unknown}
 s - a potion of cancellation {unknown}
 t - a potion of resistance {unknown}
 w - a potion of haste {unknown}
 z - 2 potions of lignification {unknown}
Comestibles
 c - 2 bread rations
 f - a meat ration
 n - 2 royal jellies


   Skills:
 - Level 3.2 Fighting
 - Level 7.0 Maces & Flails
 - Level 2.1 Armour
 - Level 0.8 Dodging
 + Level 2.8 Invocations


You had 6 spell levels left.
You didn't know any spells.

Dungeon Overview and Level Annotations

Branches:
Dungeon (5/15)
 Temple: D:4-7

Altars:

Annotations:
D:3 Sigmund


Innate Abilities, Weirdness & Mutations

You cannot be hasted, slowed, berserked, paralysed or teleported.
You can dig through walls and to a lower floor.
Your four strong arms can wield two-handed weapons with a shield.
You have a pair of large antennae on your head. (SInv)


Message History

The orc is severely wounded.
The orc hits you with a flail.
* * * LOW HITPOINT WARNING * * *
The orc closely misses you.
You sock the orc!
You kill the orc!
Lugonu accepts your kill. The orc hits you with a flail.
* * * LOW HITPOINT WARNING * * *
You closely miss the orc.
The orc is heavily wounded.
The orc hits you with a flail.
* * * LOW HITPOINT WARNING * * *
You barely miss the orc.
The orc is heavily wounded.
The orc closely misses you.
You hit the orc.
The orc is severely wounded.
The orc hits you with a flail!
You die...

......#'########'###.......#
..............##...........#
.............(##...........#
..............##...........#
..............##.......(...#
).............##...........#
..............##...>.......#
..............#[...........#
..............'o@..#####.###
..............#.)).# #(#
..............#....#####.###
##'###........#....+.......#
#.# ##########....#####.#.#
#.# ###+#.....#.#.### #.#
#...............# ##.#
#...........#.#.# .#.#
#........####.#.#


You could see an orc.

Vanquished Creatures
  A scorpion (D:4)
  2 hounds (D:4)
  2 orc wizards (D:4)
  Natasha (twice) (D:2)
  3 worker ants (D:4)
  5 adders
  An ooze (D:2)
  An adder skeleton (D:4)
  A worm (D:2)
  A dart slug (D:2)
  A leopard gecko (D:4)
  8 orcs
  A ball python (D:4)
  7 bats
  6 giant cockroaches
  4 goblins
  5 hobgoblins
  2 jackals (D:1)
  6 frilled lizards
  10 kobolds
  9 rats
78 creatures vanquished.

Notes
Turn   | Place    | Note
-------+----------+-------------------------------------------
     0 | Abyss:1  | miragecloak the Formicid Abyssal Knight began the quest for the Orb.
     0 | Abyss:1  | Reached XP level 1. HP: 18/18 MP: 2/2
    69 | Abyss:1  | Noticed an Executioner
    69 | D:1      | Escaped the Abyss
   430 | D:1      | Reached XP level 2. HP: 21/24 MP: 3/3
   553 | D:1      | Reached * piety under Lugonu
   601 | D:1      | Reached skill level 3 in Maces & Flails
   730 | D:1      | Reached XP level 3. HP: 14/29 MP: 4/4
  2009 | D:2      | Reached XP level 4. HP: 33/35 MP: 5/5
  2100 | D:2      | Noticed Natasha
  2111 | D:2      | Killed Natasha
  2111 | D:2      | Reached skill level 4 in Maces & Flails
  2484 | D:2      | Noticed Natasha
  2496 | D:2      | Killed Natasha
  2496 | D:2      | Reached XP level 5. HP: 13/41 MP: 6/6
  2889 | D:2      | Reached skill level 5 in Maces & Flails
  3035 | D:2      | Reached ** piety under Lugonu
  3581 | D:3      | Noticed Sigmund
  3899 | D:4      | Reached XP level 6. HP: 28/47 MP: 7/7
  4584 | D:4      | Reached skill level 6 in Maces & Flails
  4775 | D:4      | HP: 2/47 [poisoned by a worker ant]
  4783 | D:4      | HP: 1/47 [poisoned by a worker ant]
  6053 | D:4      | Reached skill level 7 in Maces & Flails
  6053 | D:4      | Reached XP level 7. HP: 39/52 MP: 8/8
  6470 | D:5      | Entered Level 5 of the Dungeon
  6498 | D:4      | Mangled by an orc

Skill      XL: |  1  2  3  4  5  6 |
---------------+-------------------+-----
Maces & Flails | 3 4 5 7 |  7.0
Fighting       | |  3.2
Armour         | |  2.1
Dodging        | |  0.8
Invocations    | |  2.8

Action                   |  1- 3 |  4- 6 |  7- 9 || total
-------------------------+-------+-------+-------++-------
Melee: Mace              |    88 |   153 |       ||   241
       Flail             |       |    21 |    26 ||    47
Invok: Depart the Abyss  |     1 |       |       ||     1
  Use: Potion            |       |     1 |       ||     1
  Eat: Chunk             |     2 |    14 |       ||    16
Armor: Leather armour    |    22 |    32 |     9 ||    63
Dodge: Dodged            |    55 |   131 |    19 ||   205
